 Dungeon Sprint DCSS version 0.19-a0-1195-ge0bab27 (webtiles) character file.

46 Deeps the Chopper (level 3, -19/39 HPs)
             Began as a Deep Dwarf Fighter on Aug 19, 2016.
             Was a Believer of Makhleb.
             Killed from afar by a deep elf mage (24 damage)
             ... with a bolt of magma
             ... in the Dungeon (Sprint VII: "The Pits").
             The game lasted 00:01:01 (236 turns).

Deeps the Chopper (Deep Dwarf Fighter)               Turns: 236, Time: 00:01:02

Health: -19/39     AC: 13    Str: 20    XL:     3   Next: 46%
Magic:  3/3        EV:  3    Int:  8    God:    Makhleb [**....]
Gold:   0          SH:  9    Dex: 12    Spells: 0 memorised, 2 levels left

rFire  . . .     SeeInvis .     a - +0 war axe
rCold  . . .     Gourm    .     s - +2 plate armour
rNeg   . . .     Faith    .     c - +0 shield
rPois  .         Spirit   .     (no helmet)
rElec  .         Dismiss  .     (no cloak)
rCorr  .         Reflect  .     (no gloves)
MR     .....     Harm     .     (no boots)
Stlth  .......... NoTele   +    (no amulet)
                                (no ring)
                                (no ring)

@: non-regenerating
A: damage resistance, recharge devices, sense surroundings 1, slow regeneration
3
a: Device Recharging, Minor Destruction, Renounce Religion


You were in the Dungeon.
You worshipped Makhleb.
Makhleb was pleased with you.
You were not hungry.

You visited 1 branch

Inventory:

Hand Weapons
 a - a +0 war axe (weapon)
 t - a +0 flail of crushing
Armour
 b - a +0 scale mail
 c - a +0 shield (worn)
 s - a +2 plate armour (worn)
Wands
 e - a wand of heal wounds (5/9)
Scrolls
 l - a scroll of blinking
 n - 3 scrolls of remove curse
 o - 5 scrolls of amnesia
 p - a scroll of summoning
Potions
 d - a potion of might
 g - 6 potions of curing
 h - 5 potions of heal wounds
 i - a potion of haste
 j - 4 potions of magic
 k - 3 potions of berserk rage
 m - 2 potions of invisibility
Comestibles
 f - 8 bread rations
 q - 40 fruits
 r - 7 meat rations


   Skills:
 + Level 5.2 Fighting
 + Level 5.6 Axes
 - Level 3.2 Armour
 - Level 3.2 Shields


You had 2 spell levels left.
You didn't know any spells.

Dungeon Overview and Level Annotations

Branches:
Dungeon (1/1)

Altars:
Ashenzari
Cheibriados
Dithmenos
Elyvilon
Fedhas
Gozag
Hepliaklqana
Kikubaaqudgha
Makhleb
Nemelex Xobeh
Okawaru
Qazlal
Ru
Sif Muna
Trog
Uskayaw
Vehumet
Xom
Yredelemnul
Zin
The Shining One
Beogh
Jiyva
Lugonu


Innate Abilities, Weirdness & Mutations

You are resistant to damage.
You can recharge devices by infusing magical energy.
You passively map a small area around you.
You do not regenerate.


Message History

Your shield and plate armour prevent you from hitting the deep elf mage.
The deep elf mage is moderately wounded.
You block the deep elf mage's attack.
You feel much better.
The deep elf mage hits you but does no damage.
You hit the deep elf mage but do no damage.
The deep elf mage is moderately wounded.
You block the deep elf mage's attack.
Your plate armour prevents you from hitting the deep elf mage.
The deep elf mage is moderately wounded.
The deep elf mage points at you and mumbles some strange words.
The bolt of magma hits you!
Ouch! That really hurt!
* * * LOW HITPOINT WARNING * * *
You closely miss the deep elf mage.
The deep elf mage is moderately wounded.
The deep elf mage points at you and mumbles some strange words.
The bolt of magma hits you!
Ouch! That really hurt!
You die...

* ** * ############
, #__________#
#__________# *
#____#####'#########
######)))#.##.......
#.?(.')))'.##......#
##########.##.......
#.e@........'.......
#'#####†#####......#
#.#..#...'.##.......
#.#..#...#.#####'###
#.#..#####)##.......
#.#..'...#.##.......
#.#..'..†'.##.......
#.#..########...<...
#.#..'.))).##.......


You could see a deep elf mage.

Vanquished Creatures
  3 adders (D)
  A river rat (D)
  An ooze (D)
  A giant gecko (D)
  A bat (D)
  A goblin (D)
  A ball python (D)
9 creatures vanquished.

Notes
Turn   | Place    | Note
-------+----------+-------------------------------------------
     0 | D        | Deeps the Deep Dwarf Fighter began the quest for the Orb.
     0 | D        | Reached XP level 1. HP: 20/20 MP: 1/1
    17 | D        | Reached XP level 2. HP: 30/30 MP: 2/2
    47 | D        | Found a radiant altar of Vehumet.
    47 | D        | Found a hide-covered altar of Uskayaw.
    47 | D        | Found an ancient bone altar of Kikubaaqudgha.
    47 | D        | Found a viscous altar of Jiyva.
    47 | D        | Found a hazy altar of Hepliaklqana.
    48 | D        | Found a bloodstained altar of Trog.
    48 | D        | Found a deep blue altar of Sif Muna.
    48 | D        | Found a sacrificial altar of Ru.
    48 | D        | Found a stormy altar of Qazlal.
    48 | D        | Found an iron altar of Okawaru.
    48 | D        | Found a sparkling altar of Nemelex Xobeh.
    48 | D        | Found an opulent altar of Gozag.
    48 | D        | Found a blossoming altar of Fedhas.
    48 | D        | Found a white marble altar of Elyvilon.
    48 | D        | Found a shadowy altar of Dithmenos.
    48 | D        | Found a snail-covered altar of Cheibriados.
    49 | D        | Found a glowing golden altar of the Shining One.
    49 | D        | Found a glowing silver altar of Zin.
    50 | D        | Found a burning altar of Makhleb.
    50 | D        | Found a basalt altar of Yredelemnul.
    50 | D        | Found a roughly hewn altar of Beogh.
    51 | D        | Found a corrupted altar of Lugonu.
    51 | D        | Found a shimmering altar of Xom.
    51 | D        | Found a shattered altar of Ashenzari.
    58 | D        | Became a worshipper of Makhleb the Destroyer
    92 | D        | Reached * piety under Makhleb
    95 | D        | Reached skill level 5 in Axes
    95 | D        | Reached XP level 3. HP: 37/37 MP: 3/3
   119 | D        | Reached ** piety under Makhleb
   119 | D        | Reached skill level 5 in Fighting
   204 | D        | Noticed a deep elf mage
   205 | D        | Noticed a giant eyeball
   205 | D        | Noticed a necrophage
   205 | D        | Noticed an ogre
   236 | D        | Killed from afar by a deep elf mage

Vault maps used:
D:        pitsprint

Skill      XL: |  1  2  3 |
---------------+----------+-----
Fighting       | 3 4 5 |  5.2
Axes           | 3 5 |  5.6
Armour         | |  3.2
Shields        | |  3.2

Action                   || total
-------------------------++-------
Melee: War axe           ||    42
  Use: Potion            ||     1
Armor: Scale mail        ||    18
       Plate armour      ||     4
Dodge: Dodged            ||     8
Block: Shield            ||    20
